Red Wings vs Senateurs

Created - 15 janvier 2022 at 16:04

Goals
1 2 3 T
Red Wings 1 1 0 2
Senateurs 2 0 3 5
Shots
1 2 3 T
Red Wings 8 7 12 27
Senateurs 11 9 18 38

GoalsPenalties
1st period
1. Senateurs , Mathew Barzal 15 (Scott Laughton 14, Jake Guentzel 13) at 0:48
2. Senateurs , Jake Guentzel 11 (Brent Burns 26, Jacob Trouba 15) at 5:38
3. Red Wings , Sean Couturier 16 (Sean Walker 16, Gustav Nyquist 8) at 11:43
Derick Brassard (DET) for Slashing (Minor) at 12:30
Jacob Trouba (OTT) for Tripping (Minor) at 15:32
2nd period
4. Red Wings , Jakob Chychrun 10 (Darnell Nurse 35) at 1:49 (PP)
Jacob Trouba (OTT) for Hooking (Minor) at 0:10
Nathan MacKinnon (OTT) for High sticking (Minor) at 1:51
Jack Johnson (DET) for Slashing (Minor) at 9:18
Drake Caggiula (DET) for Holding (Minor) at 17:17
3rd period
5. Senateurs , Jake Guentzel 12 (Nathan MacKinnon 31, Mika Zibanejad 25) at 13:59 (PP)
6. Senateurs , Scott Laughton 11 (Brent Burns 27, Jake Guentzel 14) at 19:20 (Empty Net)
7. Senateurs , Mika Zibanejad 24 (Nathan MacKinnon 32, Patrick Kane 35) at 19:45
Filip Hronek (OTT) for Hooking (Minor) at 0:33
Nino Niederreiter (DET) for Hooking (Minor) at 10:29
Calvin Petersen (DET) for Slashing (Minor) at 13:41 - Oliver Ekman-Larsson served the penalty.
Nathan MacKinnon (OTT) for Hooking (Minor) at 14:07
Goalie Stats
Calvin Petersen (DET), 33 saves from 37 shots - (0,892), L, 3-7-0, 59:13 minutes
Brian Elliott (OTT), 25 saves from 27 shots - (0,926), W, 6-4-1, 60:00 minutes
3 StarsOfficial
1 - Jake Guentzel (OTT)
2 - Scott Laughton (OTT)
3 - Mathew Barzal (OTT)
Referees : Ghislain Hebert and Brian Pochmara
Linesman : Tony Sericolo and Brian Mach
Game Note
Scott Laughton has scored in a empty net!



Team Name Goals Shots Shots Attemp Shots Blocked PIM HIT PP PK FO%
Red Wings 227461710291 / 5 (20%)149%
Senateurs 53877510291 / 5 (20%)151%

Red Wings
Player Name POS G A P +/- PIM HIT SHT SB MP PP MP PP SHT PK MP PK SHT FO% FOT
Conor GarlandLW/RW000-2001116:505:1100:0000% 1
Danny DeKeyserD0000001317:510:0004:1600% 0
Darnell NurseD011-1073423:415:1414:1600% 0
Derick BrassardC/RW000-2210014:140:0002:36056% 18
Drake CaggiulaC/LW/RW0000202111:160:0003:08050% 2
Dustin BrownRW000-2013016:034:2410:0000% 0
Gustav NyquistC/LW/RW011-1021016:045:1110:0000% 0
Jack JohnsonD000-1220317:270:0003:0700% 0
Jakob ChychrunD101-2021120:305:1410:5100% 0
Kyle TurrisC/LW/RW000000108:090:0000:00083% 6
Max DomiC/LW0000013015:544:2410:00053% 17
Miles WoodLW0000020016:050:0004:35033% 3
Nino NiederreiterLW/RW000-1201012:260:0001:34050% 2
Oliver Ekman-LarssonD000-2062222:424:2123:5600% 0
Sean CouturierC101-1035120:395:1104:35043% 37
Sean WalkerD0110001017:484:2100:0200% 0
Tyler BertuzziLW/RW0000021115:544:2400:0000% 2
Tyler EnnisC/LW/RW000000108:090:0000:0000% 0
Senateurs
Player Name POS G A P +/- PIM HIT SHT SB MP PP MP PP SHT PK MP PK SHT FO% FOT
Adam LowryC0000032016:120:0006:08067% 21
Adam PelechD0002040118:550:0005:0300% 0
Brandon MontourD0002010118:483:3101:2500% 0
Brayden McNabbD000-1050017:370:0004:3200% 0
Brent BurnsD0222012024:294:4324:3200% 0
Craig SmithRW000000005:280:0000:0000% 0
Filip HronekD000-1202017:063:3120:3100% 0
Jacob TroubaD0112441018:190:0003:0700% 0
Jake GuentzelLW2243016217:254:4320:0000% 0
Mathew BarzalC1013014015:583:1610:00075% 4
Michael BuntingLW/RW000001005:280:0000:0000% 0
Mika ZibanejadC1120034018:554:5810:00050% 34
Nate ThompsonC/LW000000108:550:0003:27142% 12
Nathan MacKinnonC/RW0220426018:534:5820:0000% 0
Nikolaj EhlersLW/RW0000004113:203:1600:0000% 1
Patrick KaneRW0110002018:554:5800:0000% 0
Paul ByronC/LW/RW0000002016:120:0006:08050% 2
Scott LaughtonC/LW1123032019:253:1603:27036% 14

Red Wings

5 vs 5 Forward
Line #Left WingCenterRight WingPHYDFOFWanted %Time %Time Play
1Gustav NyquistSean CouturierNino Niederreiter1222826%10:53
2Conor GarlandDerick BrassardDustin Brown1222828%11:39
3Miles WoodMax DomiTyler Bertuzzi1222827%11:30
4Tyler EnnisKyle TurrisDrake Caggiula1221619%8:09
5 vs 5 Defense
Line #DefenseDefensePHYDFOFWanted %Time %Time Play
1Darnell NurseJack Johnson1223634%14:11
2Oliver Ekman-LarssonJakob Chychrun1223634%14:25
3Sean WalkerDanny DeKeyser1222832%13:35
4Darnell NurseOliver Ekman-Larsson12200%0:00
Power Play Forward
Line #Left WingCenterRight WingPHYDFOFWanted %Time %Time Play
1Conor GarlandSean CouturierGustav Nyquist0055254%5:11
2Tyler BertuzziMax DomiDustin Brown0054846%4:24
Power Play Defense
Line #DefenseDefensePHYDFOFWanted %Time %Time Play
1Darnell NurseJakob Chychrun0145055%5:14
2Oliver Ekman-LarssonSean Walker0145045%4:21
Penalty Kill 4 Players Forward
Line #CenterWingPHYDFOFWanted %Time %Time Play
1Sean CouturierMiles Wood1135256%4:35
2Derick BrassardDrake Caggiula1134844%3:39
Penalty Kill 4 Players Defense
Line #DefenseDefensePHYDFOFWanted %Time %Time Play
1Darnell NurseJack Johnson1135252%4:18
2Oliver Ekman-LarssonDanny DeKeyser1134848%3:56
Penalty Kill 3 Players
Line #WingPHYDFOFWanted %Time %Time PlayDefenseDefensePHYDFOFWanted %Time %Time Play
1Sean Couturier050500%0:00 Darnell NurseJack Johnson050520%0:00
2Drake Caggiula050500%0:00 Oliver Ekman-LarssonDanny DeKeyser050480%0:00
4 vs 4 Forward
Line #CenterWingPHYDFOFWanted %Time %Time Play
1Sean CouturierConor Garland023500%0:00
2Max DomiTyler Bertuzzi023500%0:00
4 vs 4 Defense
Line #DefensePHYDFOFWanted %Time %Time Play
1Darnell NurseOliver Ekman-Larsson023500%0:00
2Jakob ChychrunSean Walker023500%0:00
Last Minutes Offensive
Left WingCenterRight WingDefenseDefense
Tyler BertuzziSean CouturierConor GarlandDarnell NurseJakob Chychrun
Last Minutes Defensive
Left WingCenterRight WingDefenseDefense
Miles WoodSean CouturierDrake CaggiulaDarnell NurseJack Johnson
Time
Total ForwardTotal DefenseLast Minutes OffensiveLast Minutes Defensive
60:00 60:00 0:000:00
Extra Forwards
Normal PowerPlayPenalty Kill
Sean Couturier, Conor Garland, Tyler BertuzziNino Niederreiter, Derick BrassardNino Niederreiter
Extra Defensemen
Normal PowerPlayPenalty Kill
Darnell Nurse, Oliver Ekman-Larsson, Jakob ChychrunSean Walker, Jakob ChychrunDarnell Nurse
Penalty Shots
Sean Couturier, Tyler Bertuzzi, Conor Garland, Nino Niederreiter, Miles Wood
Goalie
Calvin Petersen, Vitek Vanecek
Custom OT Lines Forwards
Sean Couturier, Tyler Bertuzzi, Conor Garland, Gustav Nyquist, Nino Niederreiter, Max Domi, Dustin Brown, Miles Wood, Derick Brassard, Drake Caggiula
Custom OT Lines Defensemen
Darnell Nurse, Jakob Chychrun, Oliver Ekman-Larsson, Sean Walker, Danny DeKeyser
Scratches
Zack Kassian (Healthy), Hunter Drew (Healthy), Ondrej Kase (Sports Hernia Injury), Mason Marchment (Healthy)

Senateurs

5 vs 5 Forward
Line #Left WingCenterRight WingPHYDFOFWanted %Time %Time Play
1Patrick KaneMika ZibanejadNathan MacKinnon0233333%13:57
2Jake GuentzelScott LaughtonMathew Barzal0233030%12:42
3Nikolaj EhlersAdam LowryPaul Byron0322624%10:04
4Michael BuntingNate ThompsonCraig Smith1311113%5:28
5 vs 5 Defense
Line #DefenseDefensePHYDFOFWanted %Time %Time Play
1Jacob TroubaBrent Burns0323435%14:45
2Adam PelechBrandon Montour0413233%13:52
3Brayden McNabbFilip Hronek0412931%13:05
4Brent BurnsJacob Trouba02351%0:29
Power Play Forward
Line #Left WingCenterRight WingPHYDFOFWanted %Time %Time Play
1Patrick KaneMika ZibanejadNathan MacKinnon0055760%4:58
2Nikolaj EhlersMathew BarzalScott Laughton0054340%3:16
Power Play Defense
Line #DefenseDefensePHYDFOFWanted %Time %Time Play
1Brent BurnsJake Guentzel1135057%4:43
2Filip HronekBrandon Montour1135043%3:31
Penalty Kill 4 Players Forward
Line #CenterWingPHYDFOFWanted %Time %Time Play
1Adam LowryPaul Byron1405564%6:08
2Nate ThompsonScott Laughton1404536%3:27
Penalty Kill 4 Players Defense
Line #DefenseDefensePHYDFOFWanted %Time %Time Play
1Adam PelechJacob Trouba1405053%5:03
2Brayden McNabbBrent Burns1405047%4:32
Penalty Kill 3 Players
Line #WingPHYDFOFWanted %Time %Time PlayDefenseDefensePHYDFOFWanted %Time %Time Play
1Mika Zibanejad140500%0:00 Adam PelechJacob Trouba140500%0:00
2Adam Lowry140500%0:00 Brayden McNabbBrent Burns140500%0:00
4 vs 4 Forward
Line #CenterWingPHYDFOFWanted %Time %Time Play
1Mika ZibanejadNathan MacKinnon014550%0:00
2Mathew BarzalPatrick Kane014450%0:00
4 vs 4 Defense
Line #DefensePHYDFOFWanted %Time %Time Play
1Brent BurnsJacob Trouba041500%0:00
2Filip HronekBrandon Montour041500%0:00
Last Minutes Offensive
Left WingCenterRight WingDefenseDefense
Patrick KaneMika ZibanejadNathan MacKinnonBrent BurnsFilip Hronek
Last Minutes Defensive
Left WingCenterRight WingDefenseDefense
Mika ZibanejadAdam LowryScott LaughtonBrayden McNabbJacob Trouba
Time
Total ForwardTotal DefenseLast Minutes OffensiveLast Minutes Defensive
60:00 60:00 0:000:00
Extra Forwards
Normal PowerPlayPenalty Kill
Adam Lowry, Nikolaj Ehlers, Jake GuentzelPatrick Kane, Nathan MacKinnonMika Zibanejad
Extra Defensemen
Normal PowerPlayPenalty Kill
Adam Pelech, Filip Hronek, Brandon MontourJacob Trouba, Brandon MontourFilip Hronek
Penalty Shots
Patrick Kane, Mathew Barzal, Nathan MacKinnon, Mika Zibanejad, Jake Guentzel
Goalie
Brian Elliott, Jacob Markstrom
Custom OT Lines Forwards
Mika Zibanejad, Nathan MacKinnon, Mathew Barzal, Patrick Kane, Jake Guentzel, Nikolaj Ehlers, Adam Lowry, Scott Laughton, Nate Thompson, Michael Bunting
Custom OT Lines Defensemen
Brent Burns, Jacob Trouba, Brandon Montour, Filip Hronek, Adam Pelech
Scratches
Matt Benning (Healthy), Laurent Dauphin (Healthy), Jayce Hawryluk (Healthy)


Play-by-Play

1st period


0:01 of 1st period - Mika Zibanejad wins face-off versus Sean Couturier in neutral zone.
0:17 of 1st period - Shot by Mika Zibanejad.
0:17 of 1st period - Stopped by Calvin Petersen with a rebound.
0:19 of 1st period - Shot by Jacob Trouba.
0:19 of 1st period - Stopped by Calvin Petersen without a rebound.
0:20 of 1st period - Scott Laughton wins face-off versus Conor Garland in Red Wings zone.
0:23 of 1st period - Shot by Jake Guentzel.
0:23 of 1st period - The goal is going for a video replay.
0:23 of 1st period - The goal is refused.
0:24 of 1st period - Adam Lowry wins face-off versus Max Domi in Red Wings zone.
0:35 of 1st period - Shot by Nikolaj Ehlers.
0:35 of 1st period - Stopped by Calvin Petersen without a rebound.
0:36 of 1st period - Scott Laughton wins face-off versus Derick Brassard in Red Wings zone.
0:36 of 1st period - Scott Laughton is hit by Oliver Ekman-Larsson.
0:42 of 1st period - Shot by Jake Guentzel.
0:42 of 1st period - Shot Blocked by Oliver Ekman-Larsson.
0:44 of 1st period - Shot by Scott Laughton.
0:44 of 1st period - Stopped by Calvin Petersen with a rebound.
0:46 of 1st period - Shot by Mathew Barzal.
0:46 of 1st period - Shot Hit the Post.
0:48 of 1st period - Shot by Mathew Barzal.
0:48 of 1st period - Goal by Mathew Barzal - Red Wings : 0 - Senateurs : 1.
0:49 of 1st period - Kyle Turris wins face-off versus Nate Thompson in neutral zone.
0:54 of 1st period - Shot by Kyle Turris.
0:54 of 1st period - Shot Misses the Net.
1:17 of 1st period - Shot by Drake Caggiula.
1:17 of 1st period - Stopped by Brian Elliott without a rebound.
1:18 of 1st period - Adam Lowry wins face-off versus Max Domi in Senateurs zone.
1:18 of 1st period - Brayden McNabb is hit by Miles Wood and loses puck.
3:10 of 1st period - Shot by Nino Niederreiter.
3:10 of 1st period - Shot Misses the Net.
3:12 of 1st period - Shot by Sean Couturier.
3:12 of 1st period - Stopped by Brian Elliott without a rebound.
3:13 of 1st period - Kyle Turris wins face-off versus Scott Laughton in Senateurs zone.
3:41 of 1st period - Mathew Barzal is hit by Oliver Ekman-Larsson and loses puck.
4:11 of 1st period - Icing by Oliver Ekman-Larsson.
4:12 of 1st period - Adam Lowry wins face-off versus Kyle Turris in Red Wings zone.
4:33 of 1st period - Off-side.
4:34 of 1st period - Max Domi wins face-off versus Mika Zibanejad in neutral zone.
4:39 of 1st period - Shot by Max Domi.
4:39 of 1st period - Shot Misses the Net.
5:16 of 1st period - Shot by Max Domi.
5:16 of 1st period - Shot Misses the Net.
5:18 of 1st period - Shot by Sean Walker.
5:18 of 1st period - Stopped by Brian Elliott without a rebound.
5:19 of 1st period - Sean Couturier wins face-off versus Scott Laughton in Senateurs zone.
5:38 of 1st period - Shot by Jake Guentzel.
5:38 of 1st period - Goal by Jake Guentzel - Red Wings : 0 - Senateurs : 2.
5:39 of 1st period - Nate Thompson wins face-off versus Derick Brassard in neutral zone.
5:51 of 1st period - Jakob Chychrun is hit by Brayden McNabb and loses puck.
5:55 of 1st period - Icing by Brayden McNabb.
5:56 of 1st period - Sean Couturier wins face-off versus Nate Thompson in Senateurs zone.
5:56 of 1st period - Darnell Nurse is hit by Brayden McNabb and loses puck.
6:12 of 1st period - Icing by Darnell Nurse.
6:13 of 1st period - Scott Laughton wins face-off versus Sean Couturier in Red Wings zone.
6:18 of 1st period - Shot by Mathew Barzal.
6:18 of 1st period - Stopped by Calvin Petersen with a rebound.
6:32 of 1st period - Shot by Scott Laughton.
6:32 of 1st period - Shot Blocked by Darnell Nurse.
6:36 of 1st period - Shot by Jake Guentzel.
6:36 of 1st period - Shot Blocked by Jack Johnson.
6:38 of 1st period - Shot by Jake Guentzel.
6:38 of 1st period - Stopped by Calvin Petersen without a rebound.
6:39 of 1st period - Derick Brassard wins face-off versus Nikolaj Ehlers in Red Wings zone.
6:46 of 1st period - Off-side.
6:47 of 1st period - Derick Brassard wins face-off versus Mika Zibanejad in neutral zone.
6:52 of 1st period - Shot by Conor Garland.
6:52 of 1st period - Stopped by Brian Elliott without a rebound.
6:53 of 1st period - Adam Lowry wins face-off versus Derick Brassard in Senateurs zone.
7:36 of 1st period - Shot by Paul Byron.
7:36 of 1st period - Shot Blocked by Conor Garland.
8:26 of 1st period - Shot by Jake Guentzel.
8:26 of 1st period - Stopped by Calvin Petersen without a rebound.
8:27 of 1st period - Nino Niederreiter wins face-off versus Mika Zibanejad in Red Wings zone.
9:27 of 1st period - Off-side.
9:28 of 1st period - Drake Caggiula wins face-off versus Scott Laughton in neutral zone.
9:44 of 1st period - Drake Caggiula is hit by Jacob Trouba and loses puck.
10:58 of 1st period - Shot by Max Domi.
10:58 of 1st period - Stopped by Brian Elliott without a rebound.
10:59 of 1st period - Mika Zibanejad wins face-off versus Sean Couturier in Senateurs zone.
11:03 of 1st period - Icing by Patrick Kane.
11:04 of 1st period - Mika Zibanejad wins face-off versus Sean Couturier in Senateurs zone.
11:04 of 1st period - Mika Zibanejad is hit by Sean Couturier.
11:43 of 1st period - Shot by Sean Couturier.
11:43 of 1st period - Goal by Sean Couturier - Red Wings : 1 - Senateurs : 2.
11:44 of 1st period - Derick Brassard wins face-off versus Adam Lowry in neutral zone.
12:30 of 1st period - Minor Penalty to Derick Brassard for Slashing.
12:31 of 1st period - Mika Zibanejad wins face-off versus Sean Couturier in Red Wings zone.
14:58 of 1st period - Shot by Derick Brassard.
14:58 of 1st period - Shot Misses the Net.
15:26 of 1st period - Shot by Adam Lowry.
15:26 of 1st period - Stopped by Calvin Petersen without a rebound.
15:27 of 1st period - Sean Couturier wins face-off versus Scott Laughton in Red Wings zone.
15:27 of 1st period - Jakob Chychrun is hit by Scott Laughton and loses puck.
15:31 of 1st period - Oliver Ekman-Larsson is hit by Mathew Barzal.
15:32 of 1st period - Minor Penalty to Jacob Trouba for Tripping.
15:33 of 1st period - Adam Lowry wins face-off versus Sean Couturier in Senateurs zone.
16:19 of 1st period - Brandon Montour is hit by Oliver Ekman-Larsson and loses puck.
16:24 of 1st period - Shot by Scott Laughton.
16:24 of 1st period - Shot Blocked by Oliver Ekman-Larsson.
17:02 of 1st period - Adam Lowry is hit by Oliver Ekman-Larsson and loses puck.
17:41 of 1st period - Shot by Kyle Turris.
17:41 of 1st period - Stopped by Brian Elliott without a rebound.
17:42 of 1st period - Kyle Turris wins face-off versus Mika Zibanejad in Senateurs zone.
17:47 of 1st period - Shot by Tyler Ennis.
17:47 of 1st period - Shot Misses the Net.
17:55 of 1st period - Shot by Tyler Ennis.
17:55 of 1st period - Stopped by Brian Elliott with a rebound.
19:01 of 1st period - Shot by Mathew Barzal.
19:01 of 1st period - Shot Blocked by Drake Caggiula.
19:29 of 1st period - Drake Caggiula is hit by Michael Bunting.
19:30 of 1st period - Icing by Drake Caggiula.
19:31 of 1st period - Kyle Turris wins face-off versus Paul Byron in Red Wings zone.
19:31 of 1st period - Kyle Turris is hit by Adam Lowry.
Goals for this period are 1 for Red Wings vs 2 for Senateurs.
Shots for this period are 8 for Red Wings vs 11 for Senateurs.

2nd period


0:01 of 2nd period - Sean Couturier wins face-off versus Mika Zibanejad in neutral zone.
0:01 of 2nd period - Sean Couturier is hit by Nathan MacKinnon.
0:10 of 2nd period - Minor Penalty to Jacob Trouba for Hooking.
0:11 of 2nd period - Max Domi wins face-off versus Adam Lowry in Senateurs zone.
0:11 of 2nd period - Max Domi is hit by Brayden McNabb.
0:23 of 2nd period - Shot by Darnell Nurse.
0:23 of 2nd period - Stopped by Brian Elliott without a rebound.
0:24 of 2nd period - Adam Lowry wins face-off versus Sean Couturier in Senateurs zone.
1:31 of 2nd period - Icing by Dustin Brown.
1:32 of 2nd period - Nate Thompson wins face-off versus Tyler Bertuzzi in Red Wings zone.
1:47 of 2nd period - Shot by Darnell Nurse.
1:47 of 2nd period - Shot Hit the Post.
1:49 of 2nd period - Shot by Jakob Chychrun.
1:49 of 2nd period - Goal by Jakob Chychrun - Red Wings : 2 - Senateurs : 2.
1:50 of 2nd period - Kyle Turris wins face-off versus Mika Zibanejad in neutral zone.
1:50 of 2nd period - Sean Walker is hit by Mika Zibanejad and loses puck.
1:51 of 2nd period - Minor Penalty to Nathan MacKinnon for High sticking.
1:52 of 2nd period - Sean Couturier wins face-off versus Nate Thompson in Senateurs zone.
1:52 of 2nd period - Conor Garland is hit by Brent Burns.
2:17 of 2nd period - Gustav Nyquist is hit by Adam Lowry and loses puck.
2:21 of 2nd period - Oliver Ekman-Larsson is hit by Adam Pelech and loses puck.
2:25 of 2nd period - Gustav Nyquist is hit by Jacob Trouba and loses puck.
3:00 of 2nd period - Icing by Sean Couturier.
3:01 of 2nd period - Adam Lowry wins face-off versus Sean Couturier in Red Wings zone.
3:01 of 2nd period - Brent Burns is hit by Oliver Ekman-Larsson and loses puck.
3:39 of 2nd period - Shot by Max Domi.
3:39 of 2nd period - Stopped by Brian Elliott without a rebound.
3:40 of 2nd period - Nate Thompson wins face-off versus Max Domi in Senateurs zone.
3:40 of 2nd period - Nate Thompson is hit by Max Domi.
3:57 of 2nd period - Jack Johnson is hit by Adam Pelech and loses puck.
4:04 of 2nd period - Shot by Nathan MacKinnon.
4:04 of 2nd period - Deflect By Mika Zibanejad.
4:04 of 2nd period - Shot Misses the Net.
4:06 of 2nd period - Shot by Mika Zibanejad.
4:06 of 2nd period - Deflect By Nathan MacKinnon.
4:06 of 2nd period - Stopped by Calvin Petersen without a rebound.
4:07 of 2nd period - Max Domi wins face-off versus Scott Laughton in Red Wings zone.
4:07 of 2nd period - Max Domi is hit by Jake Guentzel.
4:47 of 2nd period - Brent Burns is hit by Miles Wood and loses puck.
5:31 of 2nd period - Shot by Sean Couturier.
5:31 of 2nd period - Stopped by Brian Elliott without a rebound.
5:32 of 2nd period - Adam Lowry wins face-off versus Derick Brassard in Senateurs zone.
5:36 of 2nd period - Nikolaj Ehlers is hit by Darnell Nurse.
5:42 of 2nd period - Shot by Paul Byron.
5:42 of 2nd period - Shot Misses the Net.
6:14 of 2nd period - Shot by Paul Byron.
6:14 of 2nd period - Shot Misses the Net.
6:16 of 2nd period - Shot by Adam Lowry.
6:16 of 2nd period - Shot Blocked by Darnell Nurse.
6:59 of 2nd period - Drake Caggiula is hit by Nathan MacKinnon.
7:07 of 2nd period - Shot by Mika Zibanejad.
7:07 of 2nd period - Stopped by Calvin Petersen without a rebound.
7:08 of 2nd period - Sean Couturier wins face-off versus Nate Thompson in Red Wings zone.
7:18 of 2nd period - Icing by Sean Walker.
7:19 of 2nd period - Sean Couturier wins face-off versus Scott Laughton in Red Wings zone.
7:19 of 2nd period - Sean Couturier is hit by Scott Laughton.
7:30 of 2nd period - Gustav Nyquist is hit by Brandon Montour.
7:38 of 2nd period - Shot by Sean Couturier.
7:38 of 2nd period - Stopped by Brian Elliott with a rebound.
7:40 of 2nd period - Shot by Sean Couturier.
7:40 of 2nd period - Shot Blocked by Jake Guentzel.
7:47 of 2nd period - Gustav Nyquist is hit by Adam Pelech and loses puck.
8:24 of 2nd period - Mathew Barzal is hit by Jack Johnson and loses puck.
8:30 of 2nd period - Off-side.
8:31 of 2nd period - Mika Zibanejad wins face-off versus Derick Brassard in neutral zone.
8:41 of 2nd period - Patrick Kane is hit by Derick Brassard and loses puck.
8:49 of 2nd period - Dustin Brown is hit by Jacob Trouba.
8:56 of 2nd period - Icing by Jacob Trouba.
8:57 of 2nd period - Max Domi wins face-off versus Mika Zibanejad in Senateurs zone.
9:04 of 2nd period - Shot by Patrick Kane.
9:04 of 2nd period - Stopped by Calvin Petersen without a rebound.
9:05 of 2nd period - Adam Lowry wins face-off versus Max Domi in Red Wings zone.
9:11 of 2nd period - Paul Byron is hit by Darnell Nurse and loses puck.
9:17 of 2nd period - Nikolaj Ehlers is hit by Darnell Nurse and loses puck.
9:18 of 2nd period - Minor Penalty to Jack Johnson for Slashing.
9:19 of 2nd period - Mika Zibanejad wins face-off versus Sean Couturier in Red Wings zone.
9:49 of 2nd period - Nathan MacKinnon is hit by Darnell Nurse and loses puck.
10:04 of 2nd period - Shot by Danny DeKeyser.
10:04 of 2nd period - Shot Blocked by Jake Guentzel.
10:51 of 2nd period - Shot by Derick Brassard.
10:51 of 2nd period - Shot Blocked by Nikolaj Ehlers.
10:57 of 2nd period - Shot by Drake Caggiula.
10:57 of 2nd period - Shot Blocked by Brandon Montour.
11:21 of 2nd period - Shot by Craig Smith.
11:21 of 2nd period - Shot Misses the Net.
11:25 of 2nd period - Shot by Michael Bunting.
11:25 of 2nd period - Shot Misses the Net.
11:27 of 2nd period - Shot by Brent Burns.
11:27 of 2nd period - Shot Misses the Net.
12:02 of 2nd period - Icing by Jacob Trouba.
12:03 of 2nd period - Nate Thompson wins face-off versus Max Domi in Senateurs zone.
12:11 of 2nd period - Off-side.
12:12 of 2nd period - Derick Brassard wins face-off versus Mika Zibanejad in neutral zone.
12:17 of 2nd period - Icing by Filip Hronek.
12:18 of 2nd period - Max Domi wins face-off versus Mika Zibanejad in Senateurs zone.
12:19 of 2nd period - Shot by Darnell Nurse.
12:19 of 2nd period - Stopped by Brian Elliott with a rebound.
12:21 of 2nd period - Shot by Darnell Nurse.
12:21 of 2nd period - Stopped by Brian Elliott without a rebound.
12:22 of 2nd period - Miles Wood wins face-off versus Mika Zibanejad in Senateurs zone.
12:55 of 2nd period - Jack Johnson is hit by Mika Zibanejad and loses puck.
13:03 of 2nd period - Patrick Kane is hit by Jack Johnson and loses puck.
13:17 of 2nd period - Off-side.
13:18 of 2nd period - Adam Lowry wins face-off versus Derick Brassard in neutral zone.
13:41 of 2nd period - Shot by Dustin Brown.
13:41 of 2nd period - Deflect By Conor Garland.
13:41 of 2nd period - Shot Misses the Net.
13:53 of 2nd period - Shot by Nikolaj Ehlers.
13:53 of 2nd period - Stopped by Calvin Petersen with a rebound.
13:59 of 2nd period - Shot by Paul Byron.
13:59 of 2nd period - Stopped by Calvin Petersen without a rebound.
14:00 of 2nd period - Sean Couturier wins face-off versus Scott Laughton in Red Wings zone.
14:18 of 2nd period - Icing by Danny DeKeyser.
14:19 of 2nd period - Mika Zibanejad wins face-off versus Sean Couturier in Red Wings zone.
14:48 of 2nd period - Shot by Patrick Kane.
14:48 of 2nd period - Shot Misses the Net.
15:00 of 2nd period - Shot by Patrick Kane.
15:00 of 2nd period - Shot Blocked by Danny DeKeyser.
15:02 of 2nd period - Shot by Adam Pelech.
15:02 of 2nd period - Shot Misses the Net.
15:52 of 2nd period - Jacob Trouba is hit by Tyler Bertuzzi.
15:59 of 2nd period - Icing by Darnell Nurse.
16:00 of 2nd period - Adam Lowry wins face-off versus Miles Wood in Red Wings zone.
16:31 of 2nd period - Nikolaj Ehlers is hit by Jakob Chychrun and loses puck.
16:35 of 2nd period - Nikolaj Ehlers is hit by Jakob Chychrun and loses puck.
17:17 of 2nd period - Minor Penalty to Drake Caggiula for Holding.
17:18 of 2nd period - Mathew Barzal wins face-off versus Sean Couturier in Red Wings zone.
17:31 of 2nd period - Shot by Brent Burns.
17:31 of 2nd period - Stopped by Calvin Petersen without a rebound.
17:32 of 2nd period - Mika Zibanejad wins face-off versus Sean Couturier in Red Wings zone.
17:38 of 2nd period - Nathan MacKinnon is hit by Darnell Nurse and loses puck.
17:41 of 2nd period - Shot by Brent Burns.
17:41 of 2nd period - Shot Blocked by Sean Couturier.
17:56 of 2nd period - Icing by Brent Burns.
17:57 of 2nd period - Derick Brassard wins face-off versus Mika Zibanejad in Senateurs zone.
18:01 of 2nd period - Icing by Jake Guentzel.
18:02 of 2nd period - Sean Couturier wins face-off versus Mika Zibanejad in Senateurs zone.
18:35 of 2nd period - Shot by Nathan MacKinnon.
18:35 of 2nd period - Shot Misses the Net.
18:49 of 2nd period - Shot by Filip Hronek.
18:49 of 2nd period - Stopped by Calvin Petersen with a rebound.
18:51 of 2nd period - Shot by Filip Hronek.
18:51 of 2nd period - Shot Misses the Net.
18:53 of 2nd period - Shot by Filip Hronek.
18:53 of 2nd period - Stopped by Calvin Petersen without a rebound.
18:54 of 2nd period - Mathew Barzal wins face-off versus Derick Brassard in Red Wings zone.
19:09 of 2nd period - Shot by Mathew Barzal.
19:09 of 2nd period - Stopped by Calvin Petersen without a rebound.
19:10 of 2nd period - Derick Brassard wins face-off versus Scott Laughton in Red Wings zone.
19:10 of 2nd period - Derick Brassard is hit by Scott Laughton.
19:26 of 2nd period - Shot by Craig Smith.
19:26 of 2nd period - Shot Blocked by Danny DeKeyser.
19:28 of 2nd period - Shot by Michael Bunting.
19:28 of 2nd period - Shot Misses the Net.
19:43 of 2nd period - Tyler Ennis is hit by Jacob Trouba and loses puck.
19:54 of 2nd period - Icing by Brent Burns.
19:55 of 2nd period - Nate Thompson wins face-off versus Sean Couturier in Senateurs zone.
19:59 of 2nd period - Jacob Trouba is hit by Darnell Nurse and loses puck.
Goals for this period are 1 for Red Wings vs 0 for Senateurs.
Shots for this period are 7 for Red Wings vs 9 for Senateurs.

3rd period


0:01 of 3rd period - Max Domi wins face-off versus Mika Zibanejad in neutral zone.
0:26 of 3rd period - Shot by Tyler Bertuzzi.
0:26 of 3rd period - Stopped by Brian Elliott without a rebound.
0:27 of 3rd period - Scott Laughton wins face-off versus Sean Couturier in Senateurs zone.
0:27 of 3rd period - Jake Guentzel is hit by Gustav Nyquist and loses puck.
0:33 of 3rd period - Minor Penalty to Filip Hronek for Hooking.
0:34 of 3rd period - Sean Couturier wins face-off versus Adam Lowry in Senateurs zone.
1:16 of 3rd period - Shot by Sean Couturier.
1:16 of 3rd period - Shot Blocked by Adam Pelech.
1:18 of 3rd period - Shot by Sean Couturier.
1:18 of 3rd period - Shot Misses the Net.
1:57 of 3rd period - Shot by Nate Thompson.
1:57 of 3rd period - Stopped by Calvin Petersen without a rebound.
1:58 of 3rd period - Sean Couturier wins face-off versus Nate Thompson in Red Wings zone.
2:09 of 3rd period - Brayden McNabb is hit by Sean Couturier and loses puck.
2:58 of 3rd period - Shot by Nathan MacKinnon.
2:58 of 3rd period - Stopped by Calvin Petersen without a rebound.
2:59 of 3rd period - Scott Laughton wins face-off versus Miles Wood in Red Wings zone.
3:00 of 3rd period - Shot by Mathew Barzal.
3:00 of 3rd period - Shot Blocked by Jack Johnson.
3:02 of 3rd period - Shot by Jake Guentzel.
3:02 of 3rd period - Shot Misses the Net.
3:17 of 3rd period - Mathew Barzal is hit by Darnell Nurse and loses puck.
3:22 of 3rd period - Shot by Mathew Barzal.
3:22 of 3rd period - Stopped by Calvin Petersen with a rebound.
3:39 of 3rd period - Shot by Jake Guentzel.
3:39 of 3rd period - Shot Blocked by Tyler Bertuzzi.
4:00 of 3rd period - Icing by Brent Burns.
4:01 of 3rd period - Sean Couturier wins face-off versus Mika Zibanejad in Senateurs zone.
4:08 of 3rd period - Shot by Nino Niederreiter.
4:08 of 3rd period - Stopped by Brian Elliott without a rebound.
4:09 of 3rd period - Derick Brassard wins face-off versus Adam Lowry in Senateurs zone.
4:09 of 3rd period - Derick Brassard is hit by Brayden McNabb.
4:13 of 3rd period - Shot by Dustin Brown.
4:13 of 3rd period - Shot Misses the Net.
4:49 of 3rd period - Nikolaj Ehlers is hit by Oliver Ekman-Larsson and loses puck.
5:14 of 3rd period - Shot by Patrick Kane.
5:14 of 3rd period - Stopped by Calvin Petersen with a rebound.
5:23 of 3rd period - Icing by Jakob Chychrun.
5:24 of 3rd period - Derick Brassard wins face-off versus Mathew Barzal in Red Wings zone.
6:04 of 3rd period - Shot by Sean Couturier.
6:04 of 3rd period - Shot Misses the Net.
6:06 of 3rd period - Shot by Danny DeKeyser.
6:06 of 3rd period - Stopped by Brian Elliott with a rebound.
6:33 of 3rd period - Shot by Max Domi.
6:33 of 3rd period - Stopped by Brian Elliott with a rebound.
7:28 of 3rd period - Shot by Drake Caggiula.
7:28 of 3rd period - Stopped by Brian Elliott without a rebound.
7:29 of 3rd period - Mika Zibanejad wins face-off versus Nino Niederreiter in Senateurs zone.
8:37 of 3rd period - Shot by Nikolaj Ehlers.
8:37 of 3rd period - Shot Misses the Net.
8:39 of 3rd period - Shot by Adam Lowry.
8:39 of 3rd period - Shot Blocked by Darnell Nurse.
9:00 of 3rd period - Shot by Nikolaj Ehlers.
9:00 of 3rd period - Shot Blocked by Darnell Nurse.
9:02 of 3rd period - Shot by Paul Byron.
9:02 of 3rd period - Stopped by Calvin Petersen with a rebound.
9:04 of 3rd period - Shot by Nikolaj Ehlers.
9:04 of 3rd period - Shot Blocked by Jack Johnson.
9:06 of 3rd period - Shot by Adam Lowry.
9:06 of 3rd period - Deflect By Nikolaj Ehlers.
9:06 of 3rd period - Shot Misses the Net.
9:08 of 3rd period - Shot by Paul Byron.
9:08 of 3rd period - Shot Misses the Net.
9:15 of 3rd period - Off-side.
9:16 of 3rd period - Max Domi wins face-off versus Nate Thompson in neutral zone.
9:57 of 3rd period - Off-side.
9:58 of 3rd period - Sean Couturier wins face-off versus Mika Zibanejad in neutral zone.
10:17 of 3rd period - Icing by Brayden McNabb.
10:18 of 3rd period - Derick Brassard wins face-off versus Mika Zibanejad in Senateurs zone.
10:23 of 3rd period - Shot by Dustin Brown.
10:23 of 3rd period - Stopped by Brian Elliott without a rebound.
10:24 of 3rd period - Adam Lowry wins face-off versus Sean Couturier in Senateurs zone.
10:24 of 3rd period - Adam Lowry is hit by Sean Couturier.
10:29 of 3rd period - Minor Penalty to Nino Niederreiter for Hooking.
10:30 of 3rd period - Mika Zibanejad wins face-off versus Sean Couturier in Red Wings zone.
11:03 of 3rd period - Shot by Nathan MacKinnon.
11:03 of 3rd period - Stopped by Calvin Petersen without a rebound.
11:04 of 3rd period - Mathew Barzal wins face-off versus Sean Couturier in Red Wings zone.
11:25 of 3rd period - Shot by Jake Guentzel.
11:25 of 3rd period - Stopped by Calvin Petersen with a rebound.
11:27 of 3rd period - Shot by Scott Laughton.
11:27 of 3rd period - Shot Misses the Net.
11:48 of 3rd period - Off-side.
11:49 of 3rd period - Derick Brassard wins face-off versus Mika Zibanejad in neutral zone.
11:58 of 3rd period - Shot by Mika Zibanejad.
11:58 of 3rd period - Stopped by Calvin Petersen without a rebound.
11:59 of 3rd period - Mika Zibanejad wins face-off versus Sean Couturier in Red Wings zone.
12:02 of 3rd period - Shot by Brandon Montour.
12:02 of 3rd period - Shot Blocked by Danny DeKeyser.
13:02 of 3rd period - Shot by Dustin Brown.
13:02 of 3rd period - Shot Misses the Net.
13:04 of 3rd period - Shot by Dustin Brown.
13:04 of 3rd period - Stopped by Brian Elliott without a rebound.
13:05 of 3rd period - Paul Byron wins face-off versus Sean Couturier in Senateurs zone.
13:14 of 3rd period - Shot by Nikolaj Ehlers.
13:14 of 3rd period - Stopped by Calvin Petersen with a rebound.
13:41 of 3rd period - Shot by Nikolaj Ehlers.
13:41 of 3rd period - Deflect By Adam Lowry.
13:41 of 3rd period - Stopped by Calvin Petersen without a rebound.
13:41 of 3rd period - Minor Penalty to Calvin Petersen for Slashing.
13:42 of 3rd period - Mika Zibanejad wins face-off versus Drake Caggiula in Red Wings zone.
13:49 of 3rd period - Shot by Brent Burns.
13:49 of 3rd period - Shot Misses the Net.
13:51 of 3rd period - Shot by Mika Zibanejad.
13:51 of 3rd period - Shot Misses the Net.
13:53 of 3rd period - Shot by Brent Burns.
13:53 of 3rd period - Stopped by Calvin Petersen without a rebound.
13:54 of 3rd period - Mika Zibanejad wins face-off versus Sean Couturier in Red Wings zone.
13:57 of 3rd period - Shot by Nathan MacKinnon.
13:57 of 3rd period - Stopped by Calvin Petersen with a rebound.
13:59 of 3rd period - Shot by Jake Guentzel.
13:59 of 3rd period - Goal by Jake Guentzel - Red Wings : 2 - Senateurs : 3.
14:00 of 3rd period - Mika Zibanejad wins face-off versus Max Domi in neutral zone.
14:07 of 3rd period - Minor Penalty to Nathan MacKinnon for Hooking.
14:08 of 3rd period - Sean Couturier wins face-off versus Adam Lowry in Senateurs zone.
14:17 of 3rd period - Shot by Gustav Nyquist.
14:17 of 3rd period - Stopped by Brian Elliott with a rebound.
14:19 of 3rd period - Shot by Oliver Ekman-Larsson.
14:19 of 3rd period - Stopped by Brian Elliott without a rebound.
14:20 of 3rd period - Adam Lowry wins face-off versus Tyler Bertuzzi in Senateurs zone.
14:30 of 3rd period - Max Domi is hit by Brayden McNabb and loses puck.
14:54 of 3rd period - Shot by Dustin Brown.
14:54 of 3rd period - Stopped by Brian Elliott without a rebound.
14:55 of 3rd period - Sean Couturier wins face-off versus Adam Lowry in Senateurs zone.
15:15 of 3rd period - Shot by Oliver Ekman-Larsson.
15:15 of 3rd period - Stopped by Brian Elliott without a rebound.
15:16 of 3rd period - Max Domi wins face-off versus Adam Lowry in Senateurs zone.
15:49 of 3rd period - Shot by Max Domi.
15:49 of 3rd period - Shot Misses the Net.
15:53 of 3rd period - Shot by Darnell Nurse.
15:53 of 3rd period - Shot Misses the Net.
16:51 of 3rd period - Shot by Mathew Barzal.
16:51 of 3rd period - Shot Misses the Net.
17:13 of 3rd period - Shot by Nathan MacKinnon.
17:13 of 3rd period - Stopped by Calvin Petersen without a rebound.
17:14 of 3rd period - Sean Couturier wins face-off versus Nate Thompson in Red Wings zone.
17:22 of 3rd period - Sean Couturier is hit by Adam Pelech and loses puck.
17:25 of 3rd period - Shot by Sean Couturier.
17:25 of 3rd period - Stopped by Brian Elliott without a rebound.
17:26 of 3rd period - Mika Zibanejad wins face-off versus Max Domi in Senateurs zone.
17:26 of 3rd period - Mika Zibanejad is hit by Tyler Bertuzzi.
17:52 of 3rd period - Tyler Bertuzzi is hit by Mika Zibanejad.
18:04 of 3rd period - Shot by Mika Zibanejad.
18:04 of 3rd period - Shot Misses the Net.
18:06 of 3rd period - Shot by Nathan MacKinnon.
18:06 of 3rd period - Stopped by Calvin Petersen without a rebound.
18:07 of 3rd period - Adam Lowry wins face-off versus Derick Brassard in Red Wings zone.
18:16 of 3rd period - Jakob Chychrun is hit by Adam Lowry and loses puck.
18:23 of 3rd period - Shot by Nikolaj Ehlers.
18:23 of 3rd period - Stopped by Calvin Petersen with a rebound.
18:33 of 3rd period - Red Wings, Calvin Petersen is pulled from the net.
19:01 of 3rd period - Jake Guentzel is hit by Dustin Brown and loses puck.
19:16 of 3rd period - Shot by Jake Guentzel.
19:16 of 3rd period - Shot Blocked by Jakob Chychrun.
19:18 of 3rd period - Shot by Brent Burns.
19:18 of 3rd period - Shot Misses the Net.
19:20 of 3rd period - Shot by Scott Laughton.
19:20 of 3rd period - Goal by Scott Laughton - Red Wings : 2 - Senateurs : 4.
19:20 of 3rd period - Calvin Petersen from Red Wings was sent back in the game.
19:21 of 3rd period - Mika Zibanejad wins face-off versus Max Domi in neutral zone.
19:34 of 3rd period - Icing by Adam Pelech.
19:35 of 3rd period - Mika Zibanejad wins face-off versus Sean Couturier in Senateurs zone.
19:35 of 3rd period - Patrick Kane is hit by Gustav Nyquist.
19:45 of 3rd period - Shot by Mika Zibanejad.
19:45 of 3rd period - Goal by Mika Zibanejad - Red Wings : 2 - Senateurs : 5.
19:46 of 3rd period - Max Domi wins face-off versus Scott Laughton in neutral zone.
Goals for this period are 0 for Red Wings vs 3 for Senateurs.
Shots for this period are 12 for Red Wings vs 18 for Senateurs.